 Dungeon Crawl Stone Soup version 0.23-a0-586-gacb4b3f (webtiles) character file.

56 theanonym the Cudgeler (level 3, -4/27 HPs)
             Began as a Mummy Warper on Dec 19, 2018.
             Hit by a stone thrown by an orc warrior (8 damage)
             ... on level 2 of the Dungeon.
             The game lasted 00:01:31 (1283 turns).

theanonym the Cudgeler (Mummy Warper)               Turns: 1283, Time: 00:01:32

Health: -4/27      AC:  9    Str: 15    XL:     3   Next: 69%
Magic:  7/7        EV:  6    Int: 12    God:
Gold:   105        SH:  0    Dex: 11    Spells: 7/7 levels left

rFire    x . .     SeeInvis .   a - +0 mace
rCold    + . .     Gourm    .   (no shield)
rNeg     + + +     Faith    .   d - +0 chain mail
rPois    ∞         Spirit   .   (no helmet)
rElec    .         Reflect  .   f - +0 cloak
rCorr    .         Harm     .   (no gloves)
MR       .....                  (no boots)
Stlth    ..........             (no amulet)
HPRegen  0.09/turn              g - ring of wizardry
MPRegen  0.10/turn              (no ring)

@: no status effects
A: no food or potions, fire vulnerability, cold resistance 1, negative energy
resistance 3, torment resistance, unbreathing
a: no special abilities


Innate Abilities, Weirdness & Mutations

You do not eat or drink.
Your flesh is vulnerable to fire.
You are immune to poison.
Your flesh is cold resistant. (rC+)
You are immune to negative energy. (rN+++)
You are immune to unholy pain and torment.
You can survive without breathing.


   Skills:
 - Level 2.0 Fighting
 + Level 3.4 Maces & Flails
 - Level 0.7 Throwing
 - Level 0.7 Armour
 - Level 1.5 Dodging
 - Level 2.6 Spellcasting
   Level 2.4 Translocations


You had 7 spell levels left.
You didn't know any spells.
Your spell library contained the following spells:

 Spells                   Type           Power        Failure   Level  Hunger
 Blink                    Tloc           N/A          77%         2    N/A
 Shroud of Golubria       Chrm/Tloc      #.........   89%         2    N/A
 Gell's Gravitas          Tloc           #.........   92%         3    N/A
 Lesser Beckoning         Tloc           #.........   92%         3    N/A
 Teleport Other           Tloc           #.......     92%         3    N/A
 Passage of Golubria      Tloc           N/A          100%        4    N/A

Skill      XL: |  1  2 |
---------------+-------+-----
Maces & Flails | 2 3 |  3.4
Fighting       | |  2.0
Throwing       | |  0.7
Armour         | |  0.7
Dodging        | |  1.5
Spellcasting   | |  2.6
Translocations | |  2.4

Action                   || total
-------------------------++-------
Melee: Mace              ||   106
Throw: Tomahawk          ||     1
Armor: Chain mail        ||   107
Dodge: Dodged            ||    58

Inventory:

Hand Weapons
 a - a +0 mace (weapon)
 h - a +2 antimagic whip
   (You took it off a kobold on level 1 of the Dungeon)
Missiles
 c - 12 tomahawks
 e - 4 tomahawks of dispersal (quivered)
Armour
 b - a +0 leather armour
 d - a +0 chain mail (worn)
   (You found it on level 1 of the Dungeon)
 f - a +0 cloak (worn)
   (You found it on level 1 of the Dungeon)
Jewellery
 g - a ring of wizardry (left hand)
   (You found it on level 1 of the Dungeon)
Scrolls
 B - a scroll of blinking


You were on level 2 of the Dungeon.
You were not hungry.

You visited 1 branch of the dungeon, and saw 2 of its levels.

You collected 105 gold pieces.

Dungeon Overview and Level Annotations

Branches:
Dungeon (2/15)

Altars:

#...# #.#o.....
#...#####
#o#......
#.......#
#.#......
#.......#
#J#......
#......h#
#o#......
#....hhh#
#{#......
#....o.l# #.#
#......h########.#
#......@.......o.#
#....÷...#########
####.###.# #.# #.#
#.# #.# #.# #.#
#.# #.# #.# #.#
#.###.#


You could see an orc warrior, 5 jackals and a frilled lizard.

Notes
Turn   | Place    | Note
-------+----------+-------------------------------------------
     0 | D:1      | theanonym the Mummy Warper began the quest for the Orb.
     0 | D:1      | Reached XP level 1. HP: 16/16 MP: 4/4
   125 | D:1      | Reached skill level 2 in Maces & Flails
   134 | D:1      | HP: 7/16 [leopard gecko (3)]
   346 | D:1      | Reached XP level 2. HP: 20/22 MP: 5/5
   944 | D:2      | Noticed an orc warrior
  1132 | D:2      | Reached skill level 3 in Maces & Flails
  1132 | D:2      | Reached XP level 3. HP: 19/27 MP: 7/7
  1276 | D:2      | HP: 8/27 [orc warrior/+0 dire flail (17)]
  1280 | D:2      | HP: 3/27 [jackal (1)]
  1283 | D:2      | Hit by a stone thrown by an orc warrior

Vanquished Creatures
  An orc wizard (D:2)
  An ooze (D:2)
  A leopard gecko (D:1)
  2 orcs (D:2)
  3 goblins (D:1)
  A jackal (D:2)
  5 bats (D:1)
  3 frilled lizards (D:1)
  5 kobolds (D:1)
  3 rats
25 creatures vanquished.

Table legend:
 A = Turns spent in this place as a percentage of turns spent in the entire game.
 B = Non-inter-level travel turns spent in this place as a percentage of non-inter-level travel turns spent in the entire game.
 C = Inter-level travel turns spent in this place as a percentage of turns spent in this place.
 D = Turns resting spent in this place as a percentage of non-inter-level travel turns spent in this place.
 E = Turns spent auto-exploring this place as a percentage of non-inter-level travel turns spent in this place.
 F = Non-inter-level travel turns spent in this place divided by the number of levels of this place that you've seen.
                   A       B       C       D       E      F
               +-------+-------+-------+-------+-------+----------------------
         Total | 100.0 | 100.0 |   2.7 |  38.5 |  41.2 | 624.5
       Dungeon | 100.0 | 100.0 |   2.7 |  38.5 |  41.2 | 624.5
               +-------+-------+-------+-------+-------+----------------------
